AoeStats
← DelhiayJolory

Arabia

510095105Analyzed
2v2 RM · 2d ago on Sep 29, 2026· 54m 21s· 4 players
Game mode
Random Map
Map size
Medium (4 player)
Population
200
Speed
Normal
Resources
Standard
Victory
Conquest
Starting age
Dark Age
Ending age
Imperial Age
RankedLock teamsTeams togetherTeam positionsShared explorationLock speedFull tech treeHidden civsTurbo modeCheats
Victory
Defeat
🇨🇳 Byzantines · China
1060
+11
🇨🇳 Magyars · China
894
+19
🇨🇳 Khmer · China
994
-29
🇨🇳 Byzantines · China
900
-31
123
10:56 Feudal Age
12:45 Loom
16:53 Castle Age
16:31 Gold Mining
25:52 Gold Shaft Mining
25:13 Horse Collar
29:53 Scale Barding Armor
31:26 Heavy Plow
32:07 Wheelbarrow
36:03 Chain Barding Armor
35:54 Forging
38:54 Iron Casting
38:24 Stone Mining
41:53 Padded Archer Armor
41:45 Fletching
44:33 Imperial Age
42:14 Crossbowman
43:12 Double-Bit Axe
44:25 Thumb Ring
44:42 Elite Cataphract
46:20 Logistica
45:56 Arbalester
47:27 Stone Shaft Mining
47:46 Crop Rotation
47:30 Bow Saw
47:59 Plate Barding Armor
47:22 Bodkin Arrow
47:44 Leather Archer Armor
咩咩子
9:20 Loom
11:24 Feudal Age
14:28 Castle Age
12:53 Double-Bit Axe
12:50 Horse Collar
14:26 Scale Barding Armor
15:53 Husbandry
17:14 Bow Saw
18:43 Forging
19:22 Bloodlines
20:55 Wheelbarrow
20:59 Gold Mining
25:07 Chain Barding Armor
24:51 Heavy Plow
27:05 Gold Shaft Mining
40:06 Light Cavalry
42:01 Hand Cart
42:26 Iron Casting
强力枇杷露
6:26 Loom
9:12 Feudal Age
10:10 Double-Bit Axe
13:19 Horse Collar
18:20 Gold Mining
20:37 Castle Age
21:50 Bow Saw
21:04 Pikeman
24:05 Scale Mail Armor
29:07 Wheelbarrow
29:19 Husbandry
32:57 Imperial Age
31:52 Scale Barding Armor
32:01 Forging
33:40 Chain Barding Armor
34:52 Iron Casting
33:39 Heavy Camel Rider
34:51 Hand Cart
35:29 Plate Barding Armor
41:27 Conscription
42:32 Two-Man Saw
42:21 Stone Mining
43:06 Gold Shaft Mining
44:17 Chemistry
43:25 Fletching
45:12 Padded Archer Armor
47:00 Stone Shaft Mining
46:34 Murder Holes
47:02 Ballistics
51:06 Elite Cataphract
51:57 Logistica
DelhiayJolory
10:47 Feudal Age
9:33 Loom
11:24 Double-Bit Axe
12:43 Loom
19:14 Bloodlines
21:05 Scale Barding Armor
25:34 Castle Age
26:35 Bow Saw
26:31 Husbandry
42:59 Wheelbarrow
42:21 Gold Mining
45:12 Chain Barding Armor
45:35 Gold Shaft Mining
46:29 Horse Collar
48:00 Stone Mining
48:15 Scale Mail Armor
48:16 Padded Archer Armor
48:07 Fletching
48:55 Hand Cart
53:00 Thumb Ring
53:22 Chain Barding Armor
53:43 Pikeman
Connection lost

Rejoining the realm…

Still unreachable

The connection could not be restored.

Session expired

The server has moved on; the page needs a fresh start.